[Event "45th FIDE Olympiad 2024"]
[Site "Budapest"]
[Date "2024.09.18"]
[Round "7.28"]
[White "Cisse, Amadou Lamine"]
[Black "Bandara, Dhanushka"]
[Result "0-1"]
[WhiteElo "1948"]
[BlackElo "1903"]
[PlyCount "66"]
[EventDate "2024.09.05"]
[EventType "team-tourn"]
[EventCountry "HUN"]
[WhiteTeam "Senegal"]
[BlackTeam "Sri Lanka"]
[WhiteTeamCountry "SEN"]
[BlackTeamCountry "SRI"]
[TimeControl "40/5400+30:1800+30"]

1. d4 Nf6 2. Bg5 d5 3. Bxf6 exf6 4. c4 Bb4+ 5. Nc3 c5 6. a3 Bxc3+ 7. bxc3 Qa5 8. Qd2 cxd4 9. cxd4 Qxd2+ 10. Kxd2 dxc4 11. Rb1 Nc6 12. e3 Na5 13. Kc3 Be6 14. d5 Bd7 15. Nf3 Rc8 16. Nd4 O-O 17. Be2 Rc5 18. Bf3 f5 19. h4 b6 20. Rhd1 g6 21. g3 Ba4 22. Re1 Rd8 23. Rb4 b5 24. h5 Kg7 25. hxg6 hxg6 26. Rxa4 bxa4 27. Kb4 Nb7 28. Nc6 a5+ 29. Kxa4 Ra8 30. Rb1 Nd6 31. Nd4 Ra6 32. Nb5 Nc8 33. Nc3 Nb6+ {0-} 0-1

[Event "45th FIDE Olympiad 2024"]
[Site "Budapest"]
[Date "2024.09.18"]
[Round "7.29"]
[White "Theodorou, Nikolas"]
[Black "Caruana, Fabiano"]
[Result "1/2-1/2"]
[ECO "E08"]
[WhiteElo "2619"]
[BlackElo "2798"]
[Annotator "TA"]
[PlyCount "84"]
[EventDate "2024.09.05"]
[EventType "team-tourn"]
[EventCountry "HUN"]
[SourceTitle "playchess.com"]
[Source "ChessBase"]
[SourceQuality "1"]
[WhiteTeam "Greece"]
[BlackTeam "United States of America"]
[WhiteTeamCountry "GRE"]
[TimeControl "40/5400+30:1800+30"]

1. d4 Nf6 2. c4 e6 3. Nf3 d5 4. g3 Bb4+ 5. Bd2 Be7 6. Bg2 O-O 7. O-O c6 8. Qc2 Nbd7 9. Bf4 a5 10. Rd1 a4 11. Nbd2 Nh5 12. Be3 f5 13. Nf1 Bd6 14. b3 h6 15. Bd2 Nhf6 16. Bf4 Bxf4 17. gxf4 Ne4 18. Ng3 b5 19. e3 bxc4 20. bxc4 Ba6 21. Bf1 Nd6 22. cxd5 (22. c5 {seems wilder.} Bxf1 23. cxd6 Bc4 24. Ne5) 22... cxd5 23. Bxa6 Rxa6 24. Rab1 Nc4 25. Kh1 Ra8 26. Rg1 Kh7 27. Rb4 Qa5 28. Rb7 Ra7 29. Rxa7 Qxa7 30. Nh4 (30. Ne5 $11 {keeps the balance.} Ndxe5 31. fxe5) 30... Rf7 (30... Nf6 $17 31. Qd3 Rb8) 31. e4 $2 {[%emt 0:05:32] [#]} fxe4 $19 ({Inferior is} 31... Qxd4 32. exf5 exf5 33. Nhxf5 $11) 32. Nxe4 dxe4 33. Qxc4 Nf8 {[%emt 0:00:06] Prevents f5.} (33... Rxf4 $19 34. Ng6 Rf6 (34... Rxf2 35. Qxe6 Qc7 36. Nf4 $17)) 34. Ng2 $17 Rd7 35. Rd1 Ng6 ({Black should play} 35... Rd6 $15) 36. Qxe6 $11 {[%emt 0:03:24] The position is equal.} Rxd4 37. Re1 Qa5 38. f5 Nf4 39. Nxf4 {[%emt 0:00:37] [#] Intending Rg1 and mate.} Qxe1+ 40. Kg2 {[%emt 0:00:04] White wants to mate with Qg6+.} Qd1 (40... e3 $5 41. Qg6+ $8 Kh8 42. Qe8+ Kh7 43. Qg6+ Kh8 44. Qe8+ Kh7 45. Qg6+ $11) 41. Qg6+ Kh8 {[%emt 0:30:04] ( -> ...Qf3+)} 42. Qe8+ Kh7 {[%emt 0:00:02] Weighted Error Value: White=0.16 (very precise) /Black=0.13 (very precise) .  Loses game:     	White=1     	---        Mistake:       	White=1     	Black=3      OK:         	White=14    	Black=11     Best:        	White=3     	Black=2} 1/2-1/2

[Event "45th FIDE Olympiad 2024"]
[Site "Budapest"]
[Date "2024.09.18"]
[Round "7.29"]
[White "Njoroge, Martin"]
[Black "Al-Hajiri, Bader"]
[Result "0-1"]
[WhiteElo "1972"]
[BlackElo "1947"]
[PlyCount "46"]
[EventDate "2024.09.05"]
[EventType "team-tourn"]
[EventCountry "HUN"]
[WhiteTeam "Kenya"]
[BlackTeam "Kuwait"]
[WhiteTeamCountry "KEN"]
[BlackTeamCountry "KUW"]
[TimeControl "40/5400+30:1800+30"]

1. d4 d5 2. Nf3 Nf6 3. g3 g6 4. Bg2 Bg7 5. O-O O-O 6. b3 c5 7. Bb2 Ne4 8. e3 Nc6 9. Qc1 cxd4 10. exd4 Be6 11. Nbd2 Rc8 12. c4 Nxd2 13. Qxd2 dxc4 14. bxc4 Bxc4 15. Rfc1 Bd5 16. Qe2 Qb6 17. Rd1 Nb4 18. Qxe7 Nc2 19. Ba3 Rfe8 20. Qh4 Bxf3 21. Rab1 Bxd1 22. Rxb6 Re1+ 23. Bf1 axb6 {0-} 0-1

[Event "45th FIDE Olympiad 2024"]
[Site "Budapest"]
[Date "2024.09.18"]
[Round "7.30"]
[White "So, Wesley"]
[Black "Kourkoulos-Arditis, Stamatis"]
[Result "1/2-1/2"]
[ECO "E73"]
[WhiteElo "2752"]
[BlackElo "2570"]
[Annotator "TA"]
[PlyCount "119"]
[EventDate "2024.09.05"]
[EventType "team-tourn"]
[EventCountry "HUN"]
[SourceTitle "playchess.com"]
[Source "ChessBase"]
[SourceQuality "1"]
[WhiteTeam "United States of America"]
[BlackTeam "Greece"]
[BlackTeamCountry "GRE"]
[TimeControl "40/5400+30:1800+30"]

1. d4 Nf6 2. c4 g6 3. Nc3 Bg7 4. e4 d6 5. Be2 O-O 6. Be3 e5 7. d5 Na6 8. h4 Nc5 {[%emt 0:00:30] E73: King's Indian: Averbakh Variation without 6...c5.} 9. Qc2 c6 10. Bxc5 dxc5 11. h5 cxd5 12. Nxd5 Ne8 $146 ({Predecessor:} 12... Nxd5 13. cxd5 b6 14. Nf3 Bd7 15. Rd1 b5 16. Qxc5 Qa5+ 17. Kf1 Qxa2 18. Qe7 Bc8 19. h6 Bh8 20. Nxe5 Qxb2 21. Nc6 Qf6 22. e5 Qf5 23. Qd6 f6 24. Ne7+ {1-0 Lupulescu,C (2592)-Stoleriu,G (2389) ROM GP Final KO rapid 2022 (1.1)}) 13. Nf3 Be6 14. O-O-O Bxd5 15. Rxd5 Qc7 16. Nd2 Nf6 17. h6 Bh8 18. Rd3 Rfd8 19. Rxd8+ Rxd8 20. Nb1 Rd4 21. Nc3 a6 22. a3 Ne8 23. Kb1 Bf6 24. Nd5 Qc6 25. Qb3 Kf8 26. Rd1 Rxd1+ 27. Bxd1 ({But not} 27. Qxd1 Bg5 $15) 27... Bd8 28. Qg3 Qd6 29. Qh3 Nc7 30. Qc8 Nxd5 31. cxd5 Qc7 32. Bg4 a5 33. Qa8 Ke7 34. Bc8 b5 35. Ba6 c4 (35... Qb6 $14) 36. Bxb5 $16 c3 37. bxc3 Qc5 38. Qc6 Bb6 39. f3 Qxc6 40. Bxc6 Be3 41. Kc2 Bxh6 42. Kb3 Bd2 43. c4 Kd6 44. Be8 f5 45. Bf7 f4 46. Bg8 h5 (46... h6 $1 $14) 47. Bf7 $16 h4 48. Bxg6 Be1 49. Ka4 Kc5 50. d6 Kxd6 51. Kb5 Kc7 52. Kc5 Bc3 53. Kd5 Bb2 54. Be8 Bc3 {[%emt 0:00:19] [#]} 55. Bb5 $1 Bb2 56. c5 Bc3 57. Ke6 Bd4 58. Kf5 Bc3 59. Kg4 Be1 60. Kf5 (60. a4 $16) 1/2-1/2

[Event "45th FIDE Olympiad 2024"]
[Site "Budapest"]
[Date "2024.09.18"]
[Round "7.30"]
[White "Al Ibrahim, Abdulrahman"]
[Black "Kanegeni, Matthew Kamau"]
[Result "1/2-1/2"]
[WhiteElo "1932"]
[BlackElo "1976"]
[PlyCount "118"]
[EventDate "2024.09.05"]
[EventType "team-tourn"]
[EventCountry "HUN"]
[WhiteTeam "Kuwait"]
[BlackTeam "Kenya"]
[WhiteTeamCountry "KUW"]
[BlackTeamCountry "KEN"]
[TimeControl "40/5400+30:1800+30"]

1. e4 e5 2. Nf3 Nc6 3. Bb5 a6 4. Ba4 Nf6 5. d3 Bc5 6. Bxc6 dxc6 7. Nbd2 Be6 8. O-O Nd7 9. Nb3 Be7 10. d4 Bxb3 11. axb3 exd4 12. Nxd4 O-O 13. Be3 Bc5 14. Nf5 Bxe3 15. Nxe3 Re8 16. f3 Qe7 17. Kh1 Rad8 18. Qe1 Ne5 19. Rd1 Qc5 20. Rd2 Ng6 21. Qd1 Rxd2 22. Qxd2 Qg5 23. Rd1 Ne5 24. Nf5 Qxd2 25. Rxd2 g6 26. Ne3 f6 27. Kg1 Kf8 28. Kf2 Ke7 29. h3 b6 30. Rd1 a5 31. Ng4 Nf7 32. f4 h5 33. Nh2 Nd6 34. Kf3 Kf7 35. Re1 Nb5 36. Rd1 Re7 37. h4 Nd6 38. Re1 Nf5 39. Kf2 Nd4 40. c3 Nxb3 41. Re2 Nc5 42. Kf3 a4 43. g4 Rd7 44. gxh5 gxh5 45. Nf1 Rd3+ 46. Re3 Rd1 47. Ng3 Rb1 48. Re2 Nd3 49. e5 fxe5 50. fxe5 Rxb2 51. e6+ Ke8 52. Re4 Nc5 53. Re1 Nd3 54. Re4 a3 55. Nxh5 Rb5 56. Nf6+ Ke7 57. Ng8+ Ke8 58. Nf6+ Ke7 59. Ng8+ Ke8 1/2-1/2

[Event "45th FIDE Olympiad 2024"]
[Site "Budapest"]
[Date "2024.09.18"]
[Round "7.31"]
[White "Mastrovasilis, Dimitrios"]
[Black "Dominguez Perez, Leinier"]
[Result "0-1"]
[ECO "B51"]
[WhiteElo "2550"]
[BlackElo "2748"]
[Annotator "TA"]
[PlyCount "62"]
[EventDate "2024.09.05"]
[EventType "team-tourn"]
[EventCountry "HUN"]
[SourceTitle "playchess.com"]
[Source "ChessBase"]
[SourceQuality "1"]
[WhiteTeam "Greece"]
[BlackTeam "United States of America"]
[WhiteTeamCountry "GRE"]
[TimeControl "40/5400+30:1800+30"]

1. e4 c5 2. Nf3 d6 3. Bb5+ Nd7 4. d4 cxd4 5. Nxd4 Ngf6 6. O-O a6 7. Bd3 Nc5 8. Nc3 {[%emt 0:00:38] The position is equal.} e6 9. a4 Be7 10. Re1 O-O 11. Bf1 Qc7 12. a5 b5 13. axb6 Qxb6 {[%emt 0:00:03] [#]} 14. b4 $1 Ncd7 15. b5 (15. Na4 $1 $14 {is more appropriate.} Qc7 16. c4) 15... Bb7 $11 16. Be3 Qc7 17. bxa6 Bxa6 18. Bxa6 Qxc3 19. f3 d5 20. exd5 Nxd5 21. Bf2 Bb4 22. Bb5 N7f6 {[%emt 0:01:41] Excellent horsemanship.} 23. Rxa8 Rxa8 24. Qe2 Bc5 {[%emt 0:21:40] Black is more active.} 25. Qd3 Qb2 {[%emt 0:05:15] Hoping for ...Ra1.} 26. Bc6 $2 {[%emt 0:01:26] Loses the game.} (26. g3 $15) 26... Ra1 $19 27. Rd1 (27. Rxa1 $142 Qxa1+ 28. Qf1 Bxd4 29. Qxa1 Bxa1 30. c4) 27... Nb4 ({Much less strong is} 27... Qc3 28. Bxd5 Nxd5 (28... Qxd3 $2 29. Rxa1 Qd2 30. Ra8+ Bf8 31. Bc4 $19) 29. Nb3 Qxd3 30. Rxa1 $19) 28. Qf1 {[%emt 0:00:33] [#]} Rxd1 (28... Nxc2 $2 29. Rxa1 Nxa1 30. Qd1 $17) 29. Qxd1 Nxc6 30. Nxc6 {[%emt 0:00:28] White threatens Qd8+ and mate.} Bxf2+ 31. Kxf2 {[%emt 0:00:05] Intending Qd8+ and mate.} Qb6+ {[%emt 0:00:05] Weighted Error Value: White=0.30/Black=0.09 (flawless) .  Loses game:     	White=1     	---        Mistake:       	White=2     	---        Inaccurate:     	White=2     	Black=1      OK:         	White=10    	Black=10     Best:        	White=1     	Black=4} 0-1

[Event "45th FIDE Olympiad 2024"]
[Site "Budapest"]
[Date "2024.09.18"]
[Round "7.31"]
[White "Oluka, Robert Mcligeyo"]
[Black "Hussain, Hashem"]
[Result "1-0"]
[WhiteElo "1990"]
[BlackElo "1807"]
[PlyCount "51"]
[EventDate "2024.09.05"]
[EventType "team-tourn"]
[EventCountry "HUN"]
[WhiteTeam "Kenya"]
[BlackTeam "Kuwait"]
[WhiteTeamCountry "KEN"]
[BlackTeamCountry "KUW"]
[TimeControl "40/5400+30:1800+30"]

1. c4 Nf6 2. Nf3 g6 3. g3 Bg7 4. Bg2 d6 5. Nc3 e5 6. e4 O-O 7. O-O c5 8. d3 Nc6 9. Rb1 a5 10. Bd2 Ne8 11. Nd5 Nc7 12. Nb6 Ra6 13. Nxc8 Qxc8 14. Ne1 Nd4 15. f4 f5 16. exf5 gxf5 17. Nc2 Nce6 18. Ne3 exf4 19. Nd5 Qd7 20. Bxf4 Nxf4 21. Nxf4 b5 22. Re1 bxc4 23. Bd5+ Kh8 24. Qh5 Be5 25. Ng6+ Kg7 26. Qxh7+ 1-0

[Event "45th FIDE Olympiad 2024"]
[Site "Budapest"]
[Date "2024.09.18"]
[Round "7.32"]
[White "Aronian, Levon"]
[Black "Kelires, Andreas"]
[Result "1-0"]
[ECO "B51"]
[WhiteElo "2729"]
[BlackElo "2536"]
[Annotator "TA"]
[PlyCount "77"]
[EventDate "2024.09.05"]
[EventType "team-tourn"]
[EventCountry "HUN"]
[SourceTitle "playchess.com"]
[Source "ChessBase"]
[SourceQuality "1"]
[WhiteTeam "United States of America"]
[BlackTeam "Greece"]
[BlackTeamCountry "GRE"]
[TimeControl "40/5400+30:1800+30"]

1. e4 c5 2. Nf3 d6 3. Bb5+ Nd7 4. O-O a6 5. Be2 Ngf6 6. d3 g6 7. c4 Bg7 8. Nc3 {[%emt 0:00:19] White is slightly better.} O-O 9. d4 cxd4 10. Nxd4 Nc5 11. f3 Ne6 12. Nc2 g5 (12... Nh5 $14) 13. Rf2 Nf4 14. Bf1 h6 15. Be3 Be6 16. Nd4 Ng6 17. Qb3 Bd7 18. Nf5 ({Reject} 18. Qxb7 $6 Rb8 19. Qxa6 Ra8 $11) 18... Bxf5 19. exf5 Nh4 {[%emt 0:02:32] Black is weak on the light squares} 20. Bd3 {[%emt 0:00:40][%cal Og2g3] [#] g3! would now be deadly.} ({Inferior is} 20. Qxb7 Nxf5 21. Bc1 Nd7 $17) 20... e6 21. fxe6 ({But not} 21. Qxb7 $6 exf5 22. Rd2 Nd7 $16) 21... fxe6 22. Qxb7 {[%emt 0:00:07] White is more active.} Rf7 23. Qb3 Nd7 24. Rd1 Qa5 25. Qc2 Ne5 26. Re2 Rc8 27. Bf2 d5 $2 (27... Qc7 28. Ne4 Bf8) 28. cxd5 exd5 29. Bh7+ {[%emt 0:03:41] This pair of bishops is nice.} Kh8 30. Rxd5 Nexf3+ (30... Qxd5 $142 31. Nxd5 Rxc2 32. Bxc2 Rd7) 31. gxf3 $18 {[%emt 0:00:07] White is clearly winning.} Nxf3+ 32. Kh1 Qc7 {[%emt 0:00:50][%csl Gf3][%cal Rc7h2] [#]} 33. Bg3 Qb6 34. Rf2 Qe3 {[%emt 0:01:17] Threatens to win with ...Qe1+.} 35. Bd3 Re8 36. Qe2 Qc1+ 37. Rf1 Rxe2 38. Rxc1 Rxb2 39. Rd8+ {[%emt 0:00:14] Weighted Error Value: White=0.08 (flawless) /Black=0.42.  Mistake:       	---       	Black=3      Inaccurate:     	---       	Black=1      OK:         	White=17    	Black=6      Best:        	---       	Black=2} 1-0

[Event "45th FIDE Olympiad 2024"]
[Site "Budapest"]
[Date "2024.09.18"]
[Round "7.32"]
[White "Alabdaljader, Mohammed"]
[Black "Mutuge, Ian"]
[Result "0-1"]
[WhiteElo "1677"]
[BlackElo "1938"]
[PlyCount "106"]
[EventDate "2024.09.05"]
[EventType "team-tourn"]
[EventCountry "HUN"]
[WhiteTeam "Kuwait"]
[BlackTeam "Kenya"]
[WhiteTeamCountry "KUW"]
[BlackTeamCountry "KEN"]
[TimeControl "40/5400+30:1800+30"]

1. e4 c5 2. b3 d6 3. Bb2 e6 4. Bb5+ Bd7 5. Bxd7+ Nxd7 6. Nf3 Ngf6 7. Qe2 a6 8. d3 Be7 9. Nbd2 O-O 10. O-O b5 11. a4 Qc7 12. Rfe1 Ne5 13. axb5 axb5 14. d4 Nxf3+ 15. Nxf3 c4 16. bxc4 bxc4 17. Bc3 d5 18. e5 Ne4 19. Qe3 Rxa1 20. Rxa1 Rb8 21. Ba5 Qb7 22. Nd2 Nxd2 23. Qxd2 Ra8 24. Rd1 h6 25. g3 Qb5 26. Bc3 Ra2 27. Qe2 Qa4 28. Rd2 Qa3 29. Qe3 Qc1+ 30. Kg2 Rxc2 31. Rxc2 Qxc2 32. Qd2 Qxd2 33. Bxd2 Kf8 34. Kf1 Ke8 35. Ke1 Kd7 36. Kd1 Kc6 37. Kc2 Kb5 38. f4 Bb4 39. Be3 Ba5 40. Bc1 h5 41. Be3 Ka4 42. Bc1 c3 43. h3 g6 44. g4 hxg4 45. hxg4 Kb4 46. Kd3 Kb3 47. Ke2 Kc2 48. Ba3 Kb1 49. f5 c2 50. Kf3 Bb4 51. Bxb4 c1=Q 52. Bc5 gxf5 53. gxf5 Qf1+ {0-} 0-1

[Event "45th FIDE Olympiad 2024"]
[Site "Budapest"]
[Date "2024.09.18"]
[Round "7.33"]
[White "Dragnev, Valentin"]
[Black "Carlsen, Magnus"]
[Result "0-1"]
[ECO "C41"]
[WhiteElo "2556"]
[BlackElo "2832"]
[Annotator "TA"]
[PlyCount "80"]
[EventDate "2024.09.05"]
[EventType "team-tourn"]
[EventCountry "HUN"]
[SourceTitle "playchess.com"]
[Source "ChessBase"]
[SourceQuality "1"]
[WhiteTeam "Austria"]
[BlackTeam "Norway"]
[WhiteTeamCountry "AUT"]
[BlackTeamCountry "NOR"]
[TimeControl "40/5400+30:1800+30"]

1. e4 d6 2. d4 Nf6 3. Nc3 e5 4. Nf3 Nbd7 5. Bc4 Be7 6. O-O O-O 7. a4 c6 8. h3 h6 {[%emt 0:07:59] Nowadays more popular than 8...b6.} 9. Be3 Re8 {[%emt 0:04:04] C41: Philidor Defence.} 10. a5 exd4 11. Qxd4 Bf8 12. Rfe1 Qc7 13. Bf4 $146 ({Predecessor:} 13. Ba2 Ne5 14. Nh4 Be6 15. Bxe6 Rxe6 16. f4 Ned7 17. Qd3 Rae8 18. Bxa7 c5 19. f5 {0-1 Hulka,V (1892)-Petrova,I (2088) Kiev Shystarev Memorial 1st 2020 (3)}) 13... Ne5 14. Be2 Bd7 15. Bg3 a6 16. Bh4 ({White should play} 16. Nd2 $14) 16... Re6 17. Nxe5 Rxe5 18. b4 Rae8 19. Bg3 (19. Bxf6 $11 {keeps the balance.} gxf6 20. f3) 19... c5 $1 $17 20. Qd1 cxb4 $1 21. Bxe5 dxe5 22. Nd5 Nxd5 23. exd5 e4 24. Bg4 f5 25. Bh5 Rc8 26. d6 Qc5 $1 (26... Qxd6 27. Qxd6 Bxd6 28. Rad1 $16) (26... Bxd6 $2 27. Qd5+ Kh8 28. Rad1 Bh2+ 29. Kh1 $18) 27. c3 (27. Qd2 $17 {keeps fighting.}) 27... bxc3 $19 (27... Bxd6 28. cxb4 Qe5 29. g3 $17) 28. Qb3+ Qc4 (28... Kh8 $1 $19 29. Qxb7 Bb5 (29... Qxd6 30. Red1 $11)) 29. Qxb7 {[%emt 0:00:16] [#]} ({Better is} 29. Bd1 $15 Qxb3 (29... Bxd6 30. Qxc4+ Rxc4 31. Bb3 $18) 30. Bxb3+ Kh7 31. Rad1) 29... Qe6 $1 $17 30. Qxa6 (30. Rxe4 $17 fxe4 31. Bg4 Qxd6 32. Qxd7) 30... Bxd6 $19 (30... Qxd6 $2 31. Qxd6 Bxd6 32. Red1 $18 (32. a6 e3 $18)) 31. Qa7 (31. Qb7 {might work better.}) 31... c2 $19 32. a6 Bf4 33. Qb7 Rb8 (33... c1=B $2 34. a7 Bcd2 35. a8=Q $18 (35. a8=R Bxe1 36. Rxc8+ Bxc8 $16)) (33... c1=Q 34. Raxc1 Bxc1 35. a7 $14) 34. Qa7 {[%emt 0:01:19] [#]} Qd6 $1 (34... c1=R $2 35. Rexc1 (35. Raxc1 Kh7 $18) 35... Be8 36. Bxe8 Rxe8 37. Re1 $18) 35. Be2 (35. Kh1 {was called for.}) 35... Be6 (35... c1=B $2 {is the wrong capture.} 36. Rexc1 (36. Raxc1 Bxc1 37. Rxc1 Be6 $18) 36... Bxc1 37. Rxc1 $18) 36. Bf1 (36. Kh1 $142) 36... Kh7 $19 ({Worse is} 36... c1=B 37. Raxc1 (37. Rexc1 Bxc1 38. Rxc1 Rb2 $18) 37... Bxc1 38. Rxc1 $18) 37. Rec1 Bxc1 38. Rxc1 Rb1 39. Qe3 Qd1 40. a7 Qxc1 0-1

[Event "45th FIDE Olympiad 2024"]
[Site "Budapest"]
[Date "2024.09.18"]
[Round "7.34"]
[White "Christiansen, Johan-Sebastian"]
[Black "Horvath, Dominik"]
[Result "1-0"]
[ECO "C22"]
[WhiteElo "2661"]
[BlackElo "2559"]
[Annotator "TA"]
[PlyCount "62"]
[EventDate "2024.09.05"]
[EventType "team-tourn"]
[EventCountry "HUN"]
[SourceTitle "playchess.com"]
[Source "ChessBase"]
[SourceQuality "1"]
[WhiteTeam "Norway"]
[BlackTeam "Austria"]
[WhiteTeamCountry "NOR"]
[BlackTeamCountry "AUT"]
[TimeControl "40/5400+30:1800+30"]

1. e4 e5 2. d4 exd4 3. Qxd4 Nc6 4. Qc4 Nf6 5. Nc3 Bb4 6. Bd2 O-O {[%emt 0:00:20] aiming for ...Bxc3.} 7. O-O-O Re8 {[%emt 0:00:03] Threatening ...Bxc3.} 8. f3 {[%emt 0:00:09] The position is equal.} a5 9. g4 (9. a3 $5) 9... d6 10. Qe2 Be6 11. Kb1 d5 12. g5 $1 Nd7 13. Qf2 (13. Bh3 $11) 13... Nb6 (13... Bc5 $15 {feels stronger.} 14. Qg3 Bd6) 14. Nge2 $11 dxe4 15. Bc1 Qe7 (15... e3 $1 $11 16. Bxe3 Nd5) 16. Nxe4 $14 Rad8 17. Rxd8 Qxd8 18. Nf4 {[%emt 0:03:47] Inhibits Qd5.} Bf5 $1 19. Bd3 Qd7 20. Nh5 Nd5 {[%emt 0:01:42] Repels Nef6+} (20... Be7 $1 $14) 21. Nhg3 $16 {[%emt 0:01:59] Nxf5 would now be deadly.} Bg6 22. h4 Ne5 23. Be2 Bxe4 24. fxe4 Ne7 ({Black should play} 24... Nb6) 25. h5 {[%emt 0:00:19] h6 is the strong threat.} Nc8 {[%emt 0:02:06] [#]} (25... g6 $16 {was worth a try.} 26. a3 Bd6) 26. Bf4 (26. g6 $1 $18) 26... Bf8 {[%emt 0:00:40] [#] White is better.} 27. g6 $1 {[%emt 0:01:05][%mdl 512] Black must now prevent Bxe5.} Nd6 28. Rf1 {[%emt 0:02:47] Strongly threatening Bxe5. White is more active.} f6 29. gxh7+ Kxh7 30. Bc1 Qe6 31. Qg2 b5 {[%emt 0:00:00] Weighted Error Value: White=0.10 (very precise) /Black=0.18 (very precise) .  Mistake:       	White=2     	Black=5      Inaccurate:     	White=1     	Black=3      OK:         	White=9     	Black=8      Best:        	White=2     	Black=2      Strong:       	White=1     	Black=1} 1-0

[Event "45th FIDE Olympiad 2024"]
[Site "Budapest"]
[Date "2024.09.18"]
[Round "7.34"]
[White "David, Leroy Debblay"]
[Black "Mafnas, Peter"]
[Result "1-0"]
[WhiteElo "1904"]
[BlackElo "1886"]
[Annotator "RC"]
[PlyCount "123"]
[EventDate "2024.09.05"]
[EventType "team-tourn"]
[EventCountry "HUN"]
[WhiteTeam "Liberia"]
[BlackTeam "Guam"]
[WhiteTeamCountry "LBR"]
[BlackTeamCountry "GMA"]
[TimeControl "40/5400+30:1800+30"]

1. d4 d5 2. c4 c6 3. Nc3 Nf6 4. Nf3 Bf5 5. cxd5 Nxd5 6. Qb3 Nb6 7. e4 Be6 8. Qc2 g6 9. Bd3 Bg7 10. Be3 Bc4 11. O-O N8d7 12. Nd2 Bxd3 13. Qxd3 Nc5 14. Qc2 Bxd4 15. Bxd4 Qxd4 16. Rad1 Qd3 17. Qc1 O-O 18. Nf3 Qa6 19. Qg5 Ne6 20. Qxe7 Rfe8 21. Qf6 Rf8 22. Ne5 Ng7 23. Ng4 Qc4 24. Rd6 Kh8 25. Ne5 Qc5 26. Rfd1 Kg8 27. Nd3 Qh5 28. Nf4 Qc5 29. R6d3 Nc4 30. Na4 Qe5 31. Qxe5 Nxe5 32. R3d2 g5 33. Ne2 Ne6 34. Nd4 Nf4 35. Nf5 Ne6 36. Nc3 Nc4 37. Rd7 Nc5 38. R7d4 Nxb2 39. R1d2 Nbd3 40. R4xd3 Nxd3 41. Rxd3 Rfd8 42. Re3 Rd2 43. g4 Rad8 44. e5 R8d3 45. Rxd3 Rxd3 46. Ne4 Kf8 47. Nxg5 c5 48. Nxh7+ Ke8 49. Nf6+ Kf8 50. Nd6 b6 51. h4 a6 52. Nd7+ Kg7 53. Nxb6 Rd2 54. a4 Rb2 55. a5 Ra2 56. Nbc4 Rc2 57. Kg2 Kg6 58. Kg3 Kg7 59. f3 Rc1 60. Kf4 Rd1 61. Kg5 Rd4 62. Nf5+ 1-0

[Event "45th FIDE Olympiad 2024"]
[Site "Budapest"]
[Date "2024.09.18"]
[Round "7.35"]
[White "Blohberger, Felix"]
[Black "Amar, Elham"]
[Result "1-0"]
[ECO "E01"]
[WhiteElo "2520"]
[BlackElo "2539"]
[Annotator "RC"]
[PlyCount "141"]
[EventDate "2024.09.05"]
[EventType "team-tourn"]
[EventCountry "HUN"]
[SourceTitle "playchess.com"]
[Source "ChessBase"]
[SourceQuality "1"]
[WhiteTeam "Austria"]
[BlackTeam "Norway"]
[WhiteTeamCountry "AUT"]
[BlackTeamCountry "NOR"]
[TimeControl "40/5400+30:1800+30"]

1. d4 Nf6 2. c4 e6 3. g3 c5 4. Nf3 cxd4 5. Nxd4 d5 6. Bg2 e5 7. Nf3 d4 8. O-O Nc6 9. e3 Be7 10. exd4 exd4 11. Bf4 O-O 12. Ne5 Qb6 13. Re1 Be6 14. Nd2 Rac8 15. Nd3 Nb4 16. Nxb4 Bxb4 17. b3 Bg4 18. Bf3 Bxf3 19. Qxf3 Rfe8 20. Rad1 h6 21. Re5 Qc6 22. h4 Nd7 23. Qxc6 bxc6 24. Rxe8+ Rxe8 25. Kf1 Nf8 26. Nf3 Ne6 27. Ne5 c5 28. Nd3 a5 29. Bc1 Bc3 30. Ba3 Rc8 31. h5 Kf8 32. f4 g6 33. hxg6 fxg6 34. g4 Kg7 35. Kg2 Bb4 36. Bc1 Bc3 37. Kf3 Kf6 38. Rh1 Kg7 39. Ke4 Nf8 40. Ne5 Nh7 41. g5 hxg5 42. fxg5 Nf8 43. Rh3 a4 44. Rf3 axb3 45. axb3 Rb8 46. Rf7+ Kg8 47. Re7 Rxb3 48. Nd3 Rb8 49. Kd5 Rc8 50. Bf4 Nh7 51. Kd6 Ba5 52. Kd7 Rf8 53. Re8 Rxe8 54. Kxe8 Bb4 55. Ke7 Ba3 56. Nf2 Bb2 57. Nd3 Ba3 58. Bd2 Kg7 59. Kd6 Nf8 60. Nxc5 Kf7 61. Kd5 Bxc5 62. Kxc5 Ke6 63. Kxd4 Kd7 64. Kd5 Nh7 65. Bf4 Nf8 66. c5 Nh7 67. c6+ Kc8 68. Kd6 Kd8 69. Be5 Kc8 70. Bf6 Nf8 71. Be7 1-0